 Dungeon Crawl Stone Soup version 0.26-a0-639-g72c4674329 (webtiles) character file.

Game seed: 3835323072196428548

(classic levelgen) 380 EnegeticOcto the Chopper (level 6, -3/57 HPs)
             Began as a Deep Dwarf Fighter on Sept 27, 2020.
             Slain by Menkaure (19 damage)
             ... on level 4 of the Dungeon.
             The game lasted 00:00:57 (1090 turns).

EnegeticOcto the Chopper (Deep Dwarf Fighter)       Turns: 1090, Time: 00:00:58

Health: -3/57      AC:  8    Str: 21    XL:     6   Next: 46%
Magic:  3/3        EV:  7    Int:  9    God:
Gold:   65         SH: 10    Dex: 12    Spells: 5/5 levels left

rFire    . . .     SeeInvis .   a - +0 war axe
rCold    . . .     Faith    .   c - +0 kite shield
rNeg     . . .     Spirit   .   b - +0 scale mail
rPois    .         Reflect  .   q - +0 helmet
rElec    .         Harm     .   (no cloak)
rCorr    .         Rampage  .   (no gloves)
MR       .....                  (no boots)
Stlth    ..........             (no amulet)
HPRegen  0.00/turn              (no ring)
MPRegen  0.08/turn              (no ring)

@: non-regenerating
A: damage resistance, heal wounds, sense surroundings 1, no regeneration
a: Heal Wounds


You were on level 4 of the Dungeon.
You visited 1 branch of the dungeon, and saw 4 of its levels.
You also visited: Sewer.

You collected 65 gold pieces.

Inventory:

Hand Weapons
 a - a +0 war axe (weapon)
Armour
 b - a +0 scale mail (worn)
 c - a +0 kite shield (worn)
 q - a +0 helmet (worn)
Jewellery
 s - an uncursed ring of ice {unknown}
Scrolls
 g - a scroll of enchant weapon {unknown}
 j - 4 scrolls of identify {unknown}
 k - a scroll of blinking {unknown}
 o - a scroll of random uselessness {unknown}
 p - a scroll of noise {unknown}
 r - a scroll of amnesia {unknown}
 t - a scroll of immolation {unknown}
Potions
 d - a potion of might {@q3}
 e - 3 potions of curing {unknown}
 f - 2 potions of brilliance {unknown}
 h - 2 potions of stabbing {unknown}
 i - 2 potions of degeneration {unknown}
 l - 4 potions of flight {unknown}
 m - a potion of mutation {unknown}
 n - a potion of magic {unknown}


   Skills:
 + Level 3.8 Fighting
 * Level 5.1 Axes
 + Level 4.5 Armour
 + Level 4.6 Shields


You had 5 spell levels left.
You didn't know any spells.
Your spell library was empty.

Dungeon Overview and Level Annotations

Branches:
Dungeon (4/15)              Sewer (visited)
 Temple: D:4-7

Altars:

Annotations:
D:4 Menkaure


Innate Abilities, Weirdness & Mutations

You are resistant to damage.
You can heal yourself by infusing magical energy.
You passively map a small area around you.
You do not regenerate.


Message History

Something hits you but does no damage. x2
You closely miss something. Something hits you. Something shocks you.
You closely miss something. Something completely misses you.
You completely miss something. Something hits you. Something shocks you.
Something hits you. Something shocks you.
You hit something. You block something's attack.
You miss something. Something hits you but does no damage.
You miss something. You block something's attack.
Something hits you but does no damage.
You closely miss something. Something hits you. Something shocks you.
You barely miss something. You block something's attack.
You slash something!
Reactivating autopickup.
Your Axes skill increases to level 5!
You feel a bit more experienced.
Found a ring mail.
Found a stone staircase leading down.
A leopard gecko skeleton comes into view.
Your magical essence is drained by the effort!
You feel much better.
A leopard gecko skeleton is nearby!
A leopard gecko skeleton is nearby!
A leopard gecko skeleton is nearby!
A leopard gecko skeleton is nearby!
A leopard gecko skeleton is nearby!
You barely miss the leopard gecko skeleton.
The leopard gecko skeleton barely misses you. x2
You hit the leopard gecko skeleton.
The leopard gecko skeleton is moderately damaged.
The leopard gecko skeleton closely misses you.
You hit the leopard gecko skeleton.
You destroy the leopard gecko skeleton!
No target in view!
No target in view!
No target in view!
No target in view!
No target in view!
No target in view!
No target in view!
No target in view!
You see here a ring mail.
An iguana comes into view.
The iguana hisses angrily.
An iguana is nearby!
An iguana is nearby!
You see here a yellow potion.
The iguana bites you.
You slash the iguana!
The iguana is heavily wounded.
The iguana bites you but does no damage.
You slash the iguana!
You kill the iguana!
No target in view!
No target in view!
No target in view!
No target in view!
No target in view!
No target in view!
No target in view!
e - 3 yellow potions (gained 1)
Found 19 stones.
Found a hunting sling.
Found a runed hat.
No target in view!
No target in view!
No target in view!
No target in view!
No target in view!
No target in view!
No target in view!
Found a glowing ring mail.
Menkaure, Prince of Dust comes into view.
Menkaure is nearby!
You hit Menkaure.
Menkaure is moderately damaged.
Menkaure barely misses you.
You barely miss Menkaure.
Menkaure is moderately damaged.
Menkaure closely misses you.
You slash Menkaure!
Menkaure is heavily damaged.
Menkaure hits you!
You hit Menkaure but do no damage.
Menkaure is heavily damaged.
You block Menkaure's attack.
You barely miss Menkaure.
Menkaure is heavily damaged.
Menkaure calls on the powers of darkness!
Your body is wracked with pain!
You hit Menkaure but do no damage.
Menkaure is heavily damaged.
Menkaure gestures wildly while chanting.
Menkaure seems to speed up.
You barely miss Menkaure.
Menkaure is heavily damaged.
Menkaure points at you and mumbles some strange words.
Pain shoots through your body!
* * * LOW HITPOINT WARNING * * *
Menkaure hits you!!
You die...

###...#.##.##.#* #.#..# *
##.##.##.#... #####.#...
#.#####.##.##...[...l........
#.............#... ..........
#######......[....,.##.##....
#.##.#####. *.##.###...
#.##.# ##..........
#.##.####...#.##.####..
#.##..@M.# * ,*,* #..
#.#######..... , ##. #.#
**,##. ######. #.#** * ** ,
#...... , * * ** #.####. ,, ,
........ ** , ##.##### , , *


You could see Menkaure (fast).

Vanquished Creatures
  A sky beast (D:4)
  A crocodile (Sewer)
  Jessica (D:3)
  An iguana (D:4)
  Robin (D:3)
  3 gnolls (D:3)
  A river rat (D:3)
  4 adders
  3 worms
  A dart slug (D:2)
  A leopard gecko (D:2)
  4 orcs (D:3)
  5 bats (D:3)
  4 giant cockroaches (D:3)
  7 hobgoblins
  6 jackals
  8 kobolds
  A ball python (D:3)
  A frilled lizard (D:4)
  10 goblins
  A leopard gecko skeleton (D:4)
  8 rats (D:3)
73 creatures vanquished.

Notes
Turn   | Place    | Note
-------+----------+-------------------------------------------
     0 | D:1      | EnegeticOcto the Deep Dwarf Fighter began the quest for the
                  | Orb.
     0 | D:1      | Reached XP level 1. HP: 20/20 MP: 1/1
   119 | D:2      | Reached XP level 2. HP: 27/27 MP: 2/2
   175 | D:2      | Reached skill level 3 in Axes
   175 | D:2      | Reached XP level 3. HP: 26/34 MP: 3/3
   317 | D:3      | Found a glowing drain.
   384 | Sewer    | Entered a sewer
   394 | Sewer    | Reached XP level 4. HP: 20/42 MP: 4/4
   413 | Sewer    | Noticed a crocodile
   435 | Sewer    | Killed a crocodile
   435 | Sewer    | Reached skill level 4 in Axes
   435 | Sewer    | Reached XP level 5. HP: 36/49 MP: 4/4
   768 | D:3      | Noticed Robin
   770 | D:3      | Noticed Jessica
   779 | D:3      | Killed Robin
   782 | D:3      | Killed Jessica
   859 | D:3      | Reached XP level 6. HP: 44/57 MP: 4/4
  1014 | D:4      | Noticed a sky beast
  1032 | D:4      | Killed a sky beast
  1032 | D:4      | Reached skill level 5 in Axes
  1081 | D:4      | Noticed Menkaure
  1090 | D:4      | Slain by Menkaure

Illustrated notes

Levels and vault maps discovered:
D:1:      dpeg_arrival_morbid_curiosity, layout_basic, st_stairs_6
D:2:      layout_basic, chequers_ecumenical_altar_simple,
          minmay_fractal_squares_gapless_5
D:3:      layout_basic, portal_sewer_entry_e, uniq_robin, uniq_jessica
D:4:      layout_loops_ring, uniq_menkaure

Skill      XL: |  1  2  3  4  5  6 |
---------------+-------------------+-----
Fighting       | 3 |  3.8
Axes           | 3 4 5 |  5.1
Armour         | 4 |  4.5
Shields        | 4 |  4.6

Action                   |  1- 3 |  4- 6 || total
-------------------------+-------+-------++-------
Melee: War axe           |    69 |   118 ||   187
 Abil: Heal Wounds       |       |     7 ||     7
Armor: Scale mail        |    32 |    67 ||    99
Dodge: Dodged            |    28 |    55 ||    83
Block: Kite shield       |    41 |    88 ||   129

Table legend: (Time is in decaauts)
 A = Elapsed time spent in this place.
 B = Non-inter-level travel time spent in this place.
 C = Inter-level travel time spent in this place.
 D = Time resting spent in this place.
 E = Time spent auto-exploring this place.
 F = Levels seen in this place.
 G = Mean time per level.
                   A        B        C        D        E       F      G
               +--------+--------+--------+--------+--------+-----+--------+
         Total |   1167 |   1108 |     59 |      0 |    681 |   5 |  233.4 |
       Dungeon |   1039 |    980 |     59 |      0 |    611 |   4 |  259.8 |
         Sewer |    128 |    128 |      0 |      0 |     69 |   1 |  128.0 |
               +--------+--------+--------+--------+--------+-----+--------+

Top non-repeatable levels by time:
     D:3: 698 daAuts
     D:4: 146 daAuts
   Sewer: 128 daAuts
     D:1: 117 daAuts
     D:2: 77 daAuts
